 Dungeon Crawl Stone Soup version 0.31.0-11-ge490571c62 (webtiles) character file.

Game seed: 11617075248055834478

114 Aldia the Conjurer (level 4, -3/25 HPs)
             Began as a Deep Elf Conjurer on Feb 1, 2024.
             Killed from afar by Ijyb (15 damage)
             ... with a bolt of light
             ... on level 3 of the Dungeon.
             The game lasted 00:03:53 (2266 turns).

Aldia the Conjurer (Deep Elf Conjurer)              Turns: 2266, Time: 00:03:54

Health: -3/25      AC:  2    Str:  4    XL:     4   Next: 67%
Magic:  19/21      EV: 12    Int: 25    God:
Gold:   90         SH:  0    Dex: 13    Spells: 4/11 levels left

rFire   . . .        i - +1 short sword (speed)
rCold   . . .        (no shield)
rNeg    . . .        a - +0 robe
rPois   .            (no helmet)
rElec   .            (no cloak)
rCorr   .            (no gloves)
SInv    .            (no boots)
Will    .....        (no amulet)
Stlth   +            o - ring of magical power
HPRegen 0.24/turn    (no ring)
MPRegen 0.17/turn

%: no passive effects
@: confused
A: no striking features
a: no special abilities


You were on level 3 of the Dungeon.
You visited 1 branch of the dungeon, and saw 3 of its levels.

You collected 142 gold pieces.
You spent 52 gold pieces at shops.

Inventory:

Hand Weapons
 i - a +1 short sword of speed (weapon)
 j - a +2 dagger of venom
Armour
 a - a +0 robe (worn)
Jewellery
 o - a ring of magical power (left hand)
Scrolls
 c - a scroll of fear {unknown}
 e - a scroll of silence {unknown}
 f - a scroll of summoning {unknown}
 h - a scroll of torment {unknown}
 m - a scroll of noise {unknown}
 n - a scroll of teleportation {unknown}
Potions
 b - 2 potions of magic
 d - a potion of enlightenment
 g - 2 potions of resistance
 k - a potion of lignification
 l - 2 potions of mutation
 p - a potion of attraction


   Skills:
 - Level 1.1 Fighting
 + Level 2.7 Dodging
 - Level 3.0 Stealth
 + Level 4.1 Spellcasting
 + Level 5.3 Conjurations
 * Level 1.2 Alchemy


You had 4 spell levels left.
You knew the following spells:

 Your Spells              Type           Power      Damage    Failure   Level
a - Magic Dart            Conj           100%       1d8       1%          1
b - Searing Ray           Conj           64%        2d6       1%          2
c - Fulminant Prism       Conj/Alch      10%        3d9       22%         4

Your spell library contained the following spells:

 Spells                   Type           Power      Damage    Failure   Level
 Iskenderun's Mystic Bla  Conj/Tloc      18%        2d6       30%         4


Dungeon Overview and Level Annotations

Branches:
Dungeon (3/15)

Altars:

Shops:
D:2 [   D:3 [!

Annotations:
D:3 Ijyb


Message History

The magic dart hits the adder.
The adder is almost dead.
The adder bites you.
The magic dart hits the adder.
You kill the adder!
You can't see any susceptible monsters within range! (Use Z to cast anyway.)
You can't see any susceptible monsters within range! (Use Z to cast anyway.) HP restored.
You see here an adder corpse.
You open the door.
Found Replia's Distillery.
Found a stone staircase leading up.
There is an open door here.
There is a stone staircase leading up here.
There is an entrance to Replia's Distillery here.
p - a potion of attraction;
q - a potion of degeneration Thank you for shopping at Replia's Distillery!
You drop a potion of degeneration.
Okay, then.
Okay, then.
You open the door.
There is an open door here.
Ijyb, a kobold and a bat come into view.
Ijyb is wielding a +0 dagger and carrying a wand of light.
Ijyb shouts!
The kobold shouts!
You hear an angry hiss.
The bat moves out of view.
Casting: Magic Dart (safe; 1% risk of failure)
Confirm with . or Enter, or press ? or * to list all spells.
Aiming: Searing Ray (safe; 1% risk of failure)
Press: ? - help, Shift-Dir - straight line, f - Ijyb
Aim: Ijyb, wielding a +0 dagger, wearing a +0 ring mail and carrying a wand of light (78% to hit)
The searing ray misses Ijyb. (Press . to maintain the ray.)
An adder comes into view.
Ijyb zaps a wand.
The bolt of light hits you!
You are confused.
Ouch! That really hurt!
Ijyb zaps a wand.
The bolt of light hits you!
You are more confused.
Ouch! That really hurt!
You die...

.........#
.........##
#############..#
#...##########.#
#.#.'..∩..<..'.#
#.######≈≈######
#.# .....# #.#
##...## #@#
#.... #.# #....


gb# ####.# ...# .. K.... ....## S.... #.#### You could see Ijyb, an adder, a bat
and a kobold.

Vanquished Creatures
  An orc priest (D:2)
  2 adders
  2 dart slugs
  A ribbon worm (D:2)
  3 orcs (D:3)
  4 ball pythons
  4 endoplasms
  A giant cockroach (D:2)
  3 goblins
  8 hobgoblins
  3 jackals (D:1)
  A quokka (D:1)
  3 bats
  A frilled lizard (D:1)
  11 kobolds
  6 rats
54 creatures vanquished.

Notes
Turn   | Place    | Note
-------+----------+-------------------------------------------
     0 | D:1      | Aldia the Deep Elf Conjurer began the quest for the Orb.
     0 | D:1      | Reached XP level 1. HP: 10/10 MP: 6/6
   181 | D:1      | Reached XP level 2. HP: 16/16 MP: 5/8
   190 | D:1      | Learned a level 2 spell: Searing Ray
   874 | D:1      | Reached XP level 3. HP: 20/20 MP: 6/9
  1050 | D:2      | Reached skill level 5 in Conjurations
  1092 | D:2      | Found Hodus's Armour Shop.
  1275 | D:2      | Reached skill level 1 in Fighting
  1834 | D:3      | Reached XP level 4. HP: 25/25 MP: 3/11
  1840 | D:3      | Learned a level 4 spell: Fulminant Prism
  1955 | D:3      | Found Seixept's Antique Armour Emporium.
  1964 | D:3      | Reached skill level 1 in Alchemy
  2244 | D:3      | Found Replia's Distillery.
  2252 | D:3      | Bought a potion of attraction for 39 gold pieces
  2252 | D:3      | Bought a potion of degeneration for 13 gold pieces
  2264 | D:3      | Noticed Ijyb
  2266 | D:3      | Killed from afar by Ijyb

Illustrated notes

Levels and vault maps discovered:
D:1:      doesnt_arrival_eight_statues, layout_basic
D:2:      layout_basic, serial_shops, shop, chequers_serial_rivers_large_a,
          minmay_fractal_squares_gapless_5
D:3:      layout_basic, gammafunk_temple_overflow_forgotten, serial_shops,
          nicolae_shop_hallway_stairs, shop, shop, nicolae_shop_drivethru,
          uniq_ijyb

Skill      XL: |  1  2  3  4 |
---------------+-------------+-----
Stealth        | 3 |  3.0
Conjurations   | 5 |  5.3
Fighting       | 1 |  1.1
Spellcasting   | 4 |  4.1
Alchemy        | 1 |  1.2
Dodging        | |  2.7

Action                     |  1- 3 |  4- 6 || total
---------------------------+-------+-------++-------
  Melee: Short sword       |     3 |     4 ||     7
         Unarmed           |     1 |       ||     1
   Cast: Magic Dart        |    98 |    14 ||   112
         Searing Ray       |       |     1 ||     1
    Use: Scroll            |     4 |       ||     4
 Armour: Robe              |     8 |     6 ||    14
  Dodge: Dodged            |    10 |     2 ||    12
